 Dungeon Crawl Stone Soup version 0.21-a0-91-ga5031da (webtiles) character file.

212 4thArraOfDagon the Charlatan (level 5, -13/37 HPs)
             Began as a Mummy Artificer on June 29, 2017.
             Mangled by an ogre
             ... wielding a +0 giant spiked club
              (16 damage)
             ... on level 6 of the Dungeon.
             The game lasted 00:03:13 (1440 turns).

4thArraOfDagon the Charlatan (Mummy Artificer)      Turns: 1440, Time: 00:03:14

Health: -13/37     AC: 11    Str: 15    XL:     5   Next: 58%
Magic:  8/8        EV:  6    Int: 11    God:
Gold:   53         SH:  0    Dex: 13    Spells: 4/4 levels left

rFire    x . .     SeeInvis .   k - +3 quarterstaff (chaos)
rCold    + . .     Gourm    .   (shield currently unavailable)
rNeg     + + +     Faith    .   g - +0 chain mail
rPois    ∞         Spirit   .   (no helmet)
rElec    .         Reflect  .   l - +2 cloak {+Inv}
rCorr    .         Harm     .   (no gloves)
MR       .....                  (no boots)
Stlth    ..........             (no amulet)
HPRegen  0.12/turn              (no ring)
MPRegen  0.11/turn              (no ring)

@: no status effects
A: no food or potions, fire vulnerability, cold resistance 1, negative energy
resistance 3, torment resistance, unbreathing
a: Evoke Invisibility


You were on level 6 of the Dungeon.
You were not hungry.

You visited 1 branch of the dungeon, and saw 6 of its levels.

You collected 53 gold pieces.

Inventory:

Hand Weapons
 a - a +0 short sword
 i - a +2 short sword of protection
 k - a +3 quarterstaff of chaos (weapon)
Missiles
 j - a throwing net (quivered)
Armour
 b - a +0 leather armour
 g - a +0 chain mail (worn)
 l - a +2 cloak of invisibility (worn)
Wands
 c - a wand of flame (0/48)
 d - a wand of enslavement (15/24)
 e - a wand of random effects (11/48)
Scrolls
 f - a scroll of fog {unknown}
 h - a scroll of remove curse


   Skills:
 - Level 1.0 Fighting
 - Level 0.7 Short Blades
 - Level 1.5 Dodging
 - Level 0.7 Stealth
 * Level 5.3 Evocations


You had 4 spell levels left.
You didn't know any spells.

Dungeon Overview and Level Annotations

Branches:
Dungeon (6/15)
 Temple: D:4-7

Altars:


Innate Abilities, Weirdness & Mutations

You do not eat or drink.
Your flesh is vulnerable to fire.
You are immune to poison.
Your flesh is cold resistant. (rC+)
You are immune to negative energy. (rN+++)
You are immune to unholy pain and torment.
You can survive without breathing.


Message History

Things that are here:
a club; a gnoll corpse
Things that are here:
a club; a gnoll corpse
Found 2 purple potions and a royal jelly.
An ogre comes into view. It is wielding a giant spiked club.
The ogre shouts!
Unknown command.
Unknown command.
Unknown command.
You completely miss the ogre.
The ogre hits you with a giant spiked club!
You sock the ogre! You burn the ogre.
The ogre is heavily wounded.
The ogre hits you with a giant spiked club!!
* * * LOW HITPOINT WARNING * * *
You sock the ogre!
The ogre seems to slow down.
The ogre is severely wounded.
The ogre hits you with a giant spiked club!
You die...

))###.### .#.#.## .##).#
##############
.###.###.##..........
.#.....#!##.#.######
#......#.##.#.###### #
##....(.....#.##...#.#
#......#.##.#.#......###
................@O......
####.####...%.......####
#.# #.##...#...## #.
#.#######.## ## #.# .#
.# .# .#


You could see an ogre.

Vanquished Creatures
  A hound (D:5)
  Crazy Yiuf (D:6)
  A worker ant (D:6)
  8 gnolls
  3 adders
  An ooze (D:1)
  A leopard gecko (D:5)
  5 orcs (D:5)
  A giant cockroach (D:3)
  A hobgoblin (D:1)
  2 kobolds
  A quokka (D:3)
26 creatures vanquished.

Notes
Turn   | Place    | Note
-------+----------+-------------------------------------------
     0 | D:1      | 4thArraOfDagon the Mummy Artificer began the quest for the Orb.
     0 | D:1      | Reached XP level 1. HP: 15/15 MP: 2/2
   289 | D:3      | Reached skill level 3 in Evocations
   289 | D:3      | Reached XP level 2. HP: 17/21 MP: 2/4
   502 | D:3      | Reached XP level 3. HP: 26/26 MP: 5/5
   541 | D:5      | Entered Level 5 of the Dungeon
   584 | D:5      | Reached skill level 4 in Evocations
   584 | D:5      | Reached XP level 4. HP: 16/32 MP: 5/7
   598 | D:5      | HP: 1/32 [gnoll/whip (1)]
  1196 | D:6      | Found a runed door.
  1200 | D:6      | Noticed Crazy Yiuf
  1206 | D:6      | Killed Crazy Yiuf
  1206 | D:6      | Reached XP level 5. HP: 18/37 MP: 8/8
  1394 | D:6      | Reached skill level 5 in Evocations
  1435 | D:6      | Noticed an ogre
  1440 | D:6      | Mangled by an ogre

Vault maps used:
D:1:      saegor_arrival_simple_f
D:2:      glass_columns_a
D:3:      first_bread
D:4:      serial_shops, shop, nemelex_lonely_heart_becter
D:5:      minitemple, nicolae_dithmenos_shadow_blocks, uniq_menkaure
D:6:      lemuel_upstairs_altar, minmay_temple_entry_overgrown,
          uniq_crazy_yiuf_cottage

Skill      XL: |  1  2  3  4  5 |
---------------+----------------+-----
Evocations     | 3 4 5 |  5.3
Fighting       | |  1.0
Short Blades   | |  0.7
Dodging        | |  1.5
Stealth        | |  0.7

Action                   |  1- 3 |  4- 6 || total
-------------------------+-------+-------++-------
Melee: Short sword       |    51 |    58 ||   109
       Quarterstaff      |       |    16 ||    16
Evoke: Wand              |     4 |    15 ||    19
  Use: Scroll            |     1 |     1 ||     2
Armor: Chain mail        |    26 |    44 ||    70
       Leather armour    |     2 |       ||     2
Dodge: Dodged            |    19 |    23 ||    42
